%YAML 1.1
%TAG !u! tag:unity3d.com,2011:
--- !u!1 &1457613898648036228
GameObject:
  m_ObjectHideFlags: 0
  m_CorrespondingSourceObject: {fileID: 0}
  m_PrefabInstance: {fileID: 0}
  m_PrefabAsset: {fileID: 0}
  serializedVersion: 6
  m_Component:
  - component: {fileID: 3695909468260295837}
  m_Layer: 0
  m_Name: WarScrap_ver3
  m_TagString: Untagged
  m_Icon: {fileID: 0}
  m_NavMeshLayer: 0
  m_StaticEditorFlags: 0
  m_IsActive: 1
--- !u!4 &3695909468260295837
Transform:
  m_ObjectHideFlags: 0
  m_CorrespondingSourceObject: {fileID: 0}
  m_PrefabInstance: {fileID: 0}
  m_PrefabAsset: {fileID: 0}
  m_GameObject: {fileID: 1457613898648036228}
  m_LocalRotation: {x: 0, y: 0, z: 0, w: 1}
  m_LocalPosition: {x: 41.24, y: 2.13, z: 6.22}
  m_LocalScale: {x: 1, y: 1, z: 1}
  m_ConstrainProportionsScale: 0
  m_Children:
  - {fileID: 339891234708068235}
  - {fileID: 5392768211540907268}
  - {fileID: 3324320631684178814}
  - {fileID: 5866330495511940850}
  m_Father: {fileID: 0}
  m_RootOrder: 0
  m_LocalEulerAnglesHint: {x: 0, y: 0, z: 0}
--- !u!1001 &233395788031881312
PrefabInstance:
  m_ObjectHideFlags: 0
  serializedVersion: 2
  m_Modification:
    m_TransformParent: {fileID: 3695909468260295837}
    m_Modifications:
    - target: {fileID: -8679921383154817045, guid: c1a0812d614824e47b6f1dcd1997f61c, type: 3}
      propertyPath: m_RootOrder
      value: 0
      objectReference: {fileID: 0}
    - target: {fileID: -8679921383154817045, guid: c1a0812d614824e47b6f1dcd1997f61c, type: 3}
      propertyPath: m_LocalScale.x
      value: 3268.8567
      objectReference: {fileID: 0}
    - target: {fileID: -8679921383154817045, guid: c1a0812d614824e47b6f1dcd1997f61c, type: 3}
      propertyPath: m_LocalScale.y
      value: 3268.855
      objectReference: {fileID: 0}
    - target: {fileID: -8679921383154817045, guid: c1a0812d614824e47b6f1dcd1997f61c, type: 3}
      propertyPath: m_LocalScale.z
      value: 3268.855
      objectReference: {fileID: 0}
    - target: {fileID: -8679921383154817045, guid: c1a0812d614824e47b6f1dcd1997f61c, type: 3}
      propertyPath: m_LocalPosition.x
      value: -0.2
      objectReference: {fileID: 0}
    - target: {fileID: -8679921383154817045, guid: c1a0812d614824e47b6f1dcd1997f61c, type: 3}
      propertyPath: m_LocalPosition.y
      value: -2.08
      objectReference: {fileID: 0}
    - target: {fileID: -8679921383154817045, guid: c1a0812d614824e47b6f1dcd1997f61c, type: 3}
      propertyPath: m_LocalPosition.z
      value: -0.47
      objectReference: {fileID: 0}
    - target: {fileID: -8679921383154817045, guid: c1a0812d614824e47b6f1dcd1997f61c, type: 3}
      propertyPath: m_LocalRotation.w
      value: 0.574546
      objectReference: {fileID: 0}
    - target: {fileID: -8679921383154817045, guid: c1a0812d614824e47b6f1dcd1997f61c, type: 3}
      propertyPath: m_LocalRotation.x
      value: -0.5745463
      objectReference: {fileID: 0}
    - target: {fileID: -8679921383154817045, guid: c1a0812d614824e47b6f1dcd1997f61c, type: 3}
      propertyPath: m_LocalRotation.y
      value: -0.41218528
      objectReference: {fileID: 0}
    - target: {fileID: -8679921383154817045, guid: c1a0812d614824e47b6f1dcd1997f61c, type: 3}
      propertyPath: m_LocalRotation.z
      value: -0.41218546
      objectReference: {fileID: 0}
    - target: {fileID: -8679921383154817045, guid: c1a0812d614824e47b6f1dcd1997f61c, type: 3}
      propertyPath: m_LocalEulerAnglesHint.x
      value: -90
      objectReference: {fileID: 0}
    - target: {fileID: -8679921383154817045, guid: c1a0812d614824e47b6f1dcd1997f61c, type: 3}
      propertyPath: m_LocalEulerAnglesHint.y
      value: 0
      objectReference: {fileID: 0}
    - target: {fileID: -8679921383154817045, guid: c1a0812d614824e47b6f1dcd1997f61c, type: 3}
      propertyPath: m_LocalEulerAnglesHint.z
      value: -71.312
      objectReference: {fileID: 0}
    - target: {fileID: -8679921383154817045, guid: c1a0812d614824e47b6f1dcd1997f61c, type: 3}
      propertyPath: m_ConstrainProportionsScale
      value: 1
      objectReference: {fileID: 0}
    - target: {fileID: -7511558181221131132, guid: c1a0812d614824e47b6f1dcd1997f61c, type: 3}
      propertyPath: m_Materials.Array.data[0]
      value: 
      objectReference: {fileID: 2100000, guid: 804ee7c6040a78f42b86add464a67136, type: 2}
    - target: {fileID: 919132149155446097, guid: c1a0812d614824e47b6f1dcd1997f61c, type: 3}
      propertyPath: m_Name
      value: GrndDmg01
      objectReference: {fileID: 0}
    m_RemovedComponents: []
  m_SourcePrefab: {fileID: 100100000, guid: c1a0812d614824e47b6f1dcd1997f61c, type: 3}
--- !u!4 &339891234708068235 stripped
Transform:
  m_CorrespondingSourceObject: {fileID: -8679921383154817045, guid: c1a0812d614824e47b6f1dcd1997f61c, type: 3}
  m_PrefabInstance: {fileID: 233395788031881312}
  m_PrefabAsset: {fileID: 0}
--- !u!1001 &5483389777756667936
PrefabInstance:
  m_ObjectHideFlags: 0
  serializedVersion: 2
  m_Modification:
    m_TransformParent: {fileID: 3695909468260295837}
    m_Modifications:
    - target: {fileID: 2121632422183702226, guid: 9db18047e63531a4980f1f9583b51705, type: 3}
      propertyPath: m_RootOrder
      value: 3
      objectReference: {fileID: 0}
    - target: {fileID: 2121632422183702226, guid: 9db18047e63531a4980f1f9583b51705, type: 3}
      propertyPath: m_LocalPosition.x
      value: 2.42
      objectReference: {fileID: 0}
    - target: {fileID: 2121632422183702226, guid: 9db18047e63531a4980f1f9583b51705, type: 3}
      propertyPath: m_LocalPosition.y
      value: 1.17
      objectReference: {fileID: 0}
    - target: {fileID: 2121632422183702226, guid: 9db18047e63531a4980f1f9583b51705, type: 3}
      propertyPath: m_LocalPosition.z
      value: 6.92
      objectReference: {fileID: 0}
    - target: {fileID: 2121632422183702226, guid: 9db18047e63531a4980f1f9583b51705, type: 3}
      propertyPath: m_LocalRotation.w
      value: 1
      objectReference: {fileID: 0}
    - target: {fileID: 2121632422183702226, guid: 9db18047e63531a4980f1f9583b51705, type: 3}
      propertyPath: m_LocalRotation.x
      value: 0
      objectReference: {fileID: 0}
    - target: {fileID: 2121632422183702226, guid: 9db18047e63531a4980f1f9583b51705, type: 3}
      propertyPath: m_LocalRotation.y
      value: 0
      objectReference: {fileID: 0}
    - target: {fileID: 2121632422183702226, guid: 9db18047e63531a4980f1f9583b51705, type: 3}
      propertyPath: m_LocalRotation.z
      value: 0
      objectReference: {fileID: 0}
    - target: {fileID: 2121632422183702226, guid: 9db18047e63531a4980f1f9583b51705, type: 3}
      propertyPath: m_LocalEulerAnglesHint.x
      value: 0
      objectReference: {fileID: 0}
    - target: {fileID: 2121632422183702226, guid: 9db18047e63531a4980f1f9583b51705, type: 3}
      propertyPath: m_LocalEulerAnglesHint.y
      value: 0
      objectReference: {fileID: 0}
    - target: {fileID: 2121632422183702226, guid: 9db18047e63531a4980f1f9583b51705, type: 3}
      propertyPath: m_LocalEulerAnglesHint.z
      value: 0
      objectReference: {fileID: 0}
    - target: {fileID: 6870151348173739436, guid: 9db18047e63531a4980f1f9583b51705, type: 3}
      propertyPath: m_LocalScale.x
      value: -9.63
      objectReference: {fileID: 0}
    - target: {fileID: 6870151348173739436, guid: 9db18047e63531a4980f1f9583b51705, type: 3}
      propertyPath: m_LocalPosition.x
      value: -5.79
      objectReference: {fileID: 0}
    - target: {fileID: 6870151348173739436, guid: 9db18047e63531a4980f1f9583b51705, type: 3}
      propertyPath: m_LocalPosition.z
      value: -4.44
      objectReference: {fileID: 0}
    - target: {fileID: 8210971486440725206, guid: 9db18047e63531a4980f1f9583b51705, type: 3}
      propertyPath: m_Name
      value: Missile
      objectReference: {fileID: 0}
    - target: {fileID: 8358625094082960655, guid: 9db18047e63531a4980f1f9583b51705, type: 3}
      propertyPath: m_LocalScale.x
      value: 8.514268
      objectReference: {fileID: 0}
    - target: {fileID: 8358625094082960655, guid: 9db18047e63531a4980f1f9583b51705, type: 3}
      propertyPath: m_LocalScale.z
      value: 7.479281
      objectReference: {fileID: 0}
    - target: {fileID: 8358625094082960655, guid: 9db18047e63531a4980f1f9583b51705, type: 3}
      propertyPath: m_LocalPosition.x
      value: -1.88
      objectReference: {fileID: 0}
    - target: {fileID: 8358625094082960655, guid: 9db18047e63531a4980f1f9583b51705, type: 3}
      propertyPath: m_LocalPosition.z
      value: -5.46
      objectReference: {fileID: 0}
    m_RemovedComponents: []
  m_SourcePrefab: {fileID: 100100000, guid: 9db18047e63531a4980f1f9583b51705, type: 3}
--- !u!4 &5866330495511940850 stripped
Transform:
  m_CorrespondingSourceObject: {fileID: 2121632422183702226, guid: 9db18047e63531a4980f1f9583b51705, type: 3}
  m_PrefabInstance: {fileID: 5483389777756667936}
  m_PrefabAsset: {fileID: 0}
--- !u!1001 &6735682678750925129
PrefabInstance:
  m_ObjectHideFlags: 0
  serializedVersion: 2
  m_Modification:
    m_TransformParent: {fileID: 3695909468260295837}
    m_Modifications:
    - target: {fileID: 308439342573533405, guid: 8aaa4ad83066d3e458e18dfe0aad394f, type: 3}
      propertyPath: m_Name
      value: Wheel
      objectReference: {fileID: 0}
    - target: {fileID: 1706589004223824973, guid: 8aaa4ad83066d3e458e18dfe0aad394f, type: 3}
      propertyPath: m_RootOrder
      value: 1
      objectReference: {fileID: 0}
    - target: {fileID: 1706589004223824973, guid: 8aaa4ad83066d3e458e18dfe0aad394f, type: 3}
      propertyPath: m_LocalPosition.x
      value: 0
      objectReference: {fileID: 0}
    - target: {fileID: 1706589004223824973, guid: 8aaa4ad83066d3e458e18dfe0aad394f, type: 3}
      propertyPath: m_LocalPosition.y
      value: 0
      objectReference: {fileID: 0}
    - target: {fileID: 1706589004223824973, guid: 8aaa4ad83066d3e458e18dfe0aad394f, type: 3}
      propertyPath: m_LocalPosition.z
      value: 0
      objectReference: {fileID: 0}
    - target: {fileID: 1706589004223824973, guid: 8aaa4ad83066d3e458e18dfe0aad394f, type: 3}
      propertyPath: m_LocalRotation.w
      value: 0
      objectReference: {fileID: 0}
    - target: {fileID: 1706589004223824973, guid: 8aaa4ad83066d3e458e18dfe0aad394f, type: 3}
      propertyPath: m_LocalRotation.x
      value: 0
      objectReference: {fileID: 0}
    - target: {fileID: 1706589004223824973, guid: 8aaa4ad83066d3e458e18dfe0aad394f, type: 3}
      propertyPath: m_LocalRotation.y
      value: 0.38268343
      objectReference: {fileID: 0}
    - target: {fileID: 1706589004223824973, guid: 8aaa4ad83066d3e458e18dfe0aad394f, type: 3}
      propertyPath: m_LocalRotation.z
      value: -0.92387956
      objectReference: {fileID: 0}
    - target: {fileID: 1706589004223824973, guid: 8aaa4ad83066d3e458e18dfe0aad394f, type: 3}
      propertyPath: m_LocalEulerAnglesHint.x
      value: 45
      objectReference: {fileID: 0}
    - target: {fileID: 1706589004223824973, guid: 8aaa4ad83066d3e458e18dfe0aad394f, type: 3}
      propertyPath: m_LocalEulerAnglesHint.y
      value: 0
      objectReference: {fileID: 0}
    - target: {fileID: 1706589004223824973, guid: 8aaa4ad83066d3e458e18dfe0aad394f, type: 3}
      propertyPath: m_LocalEulerAnglesHint.z
      value: -180
      objectReference: {fileID: 0}
    m_RemovedComponents: []
  m_SourcePrefab: {fileID: 100100000, guid: 8aaa4ad83066d3e458e18dfe0aad394f, type: 3}
--- !u!4 &5392768211540907268 stripped
Transform:
  m_CorrespondingSourceObject: {fileID: 1706589004223824973, guid: 8aaa4ad83066d3e458e18dfe0aad394f, type: 3}
  m_PrefabInstance: {fileID: 6735682678750925129}
  m_PrefabAsset: {fileID: 0}
--- !u!1001 &6945980870426512848
PrefabInstance:
  m_ObjectHideFlags: 0
  serializedVersion: 2
  m_Modification:
    m_TransformParent: {fileID: 3695909468260295837}
    m_Modifications:
    - target: {fileID: 1787626370464261911, guid: ae9b2c7c2533f2b41a5d73479c35bfa4, type: 3}
      propertyPath: m_Name
      value: Gun 2
      objectReference: {fileID: 0}
    - target: {fileID: 3720957798603757056, guid: ae9b2c7c2533f2b41a5d73479c35bfa4, type: 3}
      propertyPath: m_LocalPosition.x
      value: 8.43
      objectReference: {fileID: 0}
    - target: {fileID: 3720957798603757056, guid: ae9b2c7c2533f2b41a5d73479c35bfa4, type: 3}
      propertyPath: m_LocalPosition.z
      value: 0.26
      objectReference: {fileID: 0}
    - target: {fileID: 5640557102493068974, guid: ae9b2c7c2533f2b41a5d73479c35bfa4, type: 3}
      propertyPath: m_RootOrder
      value: 2
      objectReference: {fileID: 0}
    - target: {fileID: 5640557102493068974, guid: ae9b2c7c2533f2b41a5d73479c35bfa4, type: 3}
      propertyPath: m_LocalPosition.x
      value: -4.07
      objectReference: {fileID: 0}
    - target: {fileID: 5640557102493068974, guid: ae9b2c7c2533f2b41a5d73479c35bfa4, type: 3}
      propertyPath: m_LocalPosition.y
      value: 0
      objectReference: {fileID: 0}
    - target: {fileID: 5640557102493068974, guid: ae9b2c7c2533f2b41a5d73479c35bfa4, type: 3}
      propertyPath: m_LocalPosition.z
      value: -2.26
      objectReference: {fileID: 0}
    - target: {fileID: 5640557102493068974, guid: ae9b2c7c2533f2b41a5d73479c35bfa4, type: 3}
      propertyPath: m_LocalRotation.w
      value: 1
      objectReference: {fileID: 0}
    - target: {fileID: 5640557102493068974, guid: ae9b2c7c2533f2b41a5d73479c35bfa4, type: 3}
      propertyPath: m_LocalRotation.x
      value: 0
      objectReference: {fileID: 0}
    - target: {fileID: 5640557102493068974, guid: ae9b2c7c2533f2b41a5d73479c35bfa4, type: 3}
      propertyPath: m_LocalRotation.y
      value: 0
      objectReference: {fileID: 0}
    - target: {fileID: 5640557102493068974, guid: ae9b2c7c2533f2b41a5d73479c35bfa4, type: 3}
      propertyPath: m_LocalRotation.z
      value: 0
      objectReference: {fileID: 0}
    - target: {fileID: 5640557102493068974, guid: ae9b2c7c2533f2b41a5d73479c35bfa4, type: 3}
      propertyPath: m_LocalEulerAnglesHint.x
      value: 0
      objectReference: {fileID: 0}
    - target: {fileID: 5640557102493068974, guid: ae9b2c7c2533f2b41a5d73479c35bfa4, type: 3}
      propertyPath: m_LocalEulerAnglesHint.y
      value: 0
      objectReference: {fileID: 0}
    - target: {fileID: 5640557102493068974, guid: ae9b2c7c2533f2b41a5d73479c35bfa4, type: 3}
      propertyPath: m_LocalEulerAnglesHint.z
      value: 0
      objectReference: {fileID: 0}
    m_RemovedComponents: []
  m_SourcePrefab: {fileID: 100100000, guid: ae9b2c7c2533f2b41a5d73479c35bfa4, type: 3}
--- !u!4 &3324320631684178814 stripped
Transform:
  m_CorrespondingSourceObject: {fileID: 5640557102493068974, guid: ae9b2c7c2533f2b41a5d73479c35bfa4, type: 3}
  m_PrefabInstance: {fileID: 6945980870426512848}
  m_PrefabAsset: {fileID: 0}
